 Dungeon Crawl Stone Soup version 0.28.0-43-g3370ac3207 (webtiles) character file.

Game seed: 8878424336832326932

632 smarlow the Magician (level 7, -8/50 HPs)
             Began as a Djinni Fire Elementalist on Mar 15, 2022.
             Mangled by Edmund
             ... wielding a +1 dire flail of protection
              (11 damage)
             ... on level 5 of the Dungeon.
             The game lasted 00:08:16 (5703 turns).

smarlow the Magician (Djinni Fire Elementalist)     Turns: 5703, Time: 00:08:18

Health: -8/50      AC:  2    Str:  7    XL:     7   Next: 78%
Gold:   273        EV: 14    Int: 18    God:
                   SH:  0    Dex: 20

rFire   + + .      SeeInvis .   (no weapon)
rCold   x . .      Faith    .   (no shield)
rNeg    + . .      Spirit   .   a - +0 robe
rPois   ∞          Reflect  .   (no helmet)
rElec   .          Harm     .   (no cloak)
rCorr   .          Rampage  .   (no gloves)
Will    .....                   (boots unavailable)
Stlth   +++.......              (no amulet)
HPRegen 0.16/turn               i - +6 ring of dexterity
MPRegen 0.00/turn               j - ring of positive energy

@: weak-willed, flying
A: sickness immunity, fire resistance 2, cold vulnerability 1, float, innate
caster, HP casting, extra vitality 1
a: no special abilities


You were on level 5 of the Dungeon.
You visited 1 branch of the dungeon, and saw 5 of its levels.

You collected 273 gold pieces.

Inventory:

Missiles
 g - 6 throwing nets
Armour
 a - a +0 robe (worn)
Jewellery
 i - a +6 ring of dexterity (left hand)
 j - a ring of positive energy (right hand)
Scrolls
 d - 2 scrolls of enchant weapon
 f - a scroll of magic mapping
 l - 5 scrolls of fog {unknown}
 n - a scroll of identify {unknown}
Potions
 b - 3 potions of flight {unknown}
 e - 4 potions of curing {unknown}
 k - 2 potions of attraction {unknown}
 m - a potion of heal wounds {unknown}


   Skills:
 + Level 3.3 Fighting
 + Level 4.2 Dodging
 + Level 3.4 Stealth
 * Level 4.5 Spellcasting


You couldn't memorise any spells.
You knew the following spells:

 Your Spells              Type           Power      Damage    Failure   Level
a - Foxfire               Conj/Fire      80%        2x1d8     2%          1
b - Scorch                Fire           40%        2d7       3%          2
c - Conjure Flame         Conj/Fire      20%        6-21      6%          3
d - Inner Flame           Hex/Fire       20%        N/A       6%          3
e - Flame Wave            Conj/Fire      20%        2d7       22%         4
f - Sting                 Tmut/Pois      80%        1d7       2%          1
g - Searing Ray           Conj           40%        2d5       3%          2
h - Passwall              Tmut/Erth      16%        N/A       3%          2
Your spell library was empty.

Dungeon Overview and Level Annotations

Branches:
Dungeon (5/15)
 Temple: D:4-7

Altars:
Kikubaaqudgha
The Shining One

Shops:
D:2 =   D:5 [

Annotations:
D:5 Edmund


Innate Abilities, Weirdness & Mutations

You are immune to sickness and miasma.
You are immune to poison.
Your flesh is very heat resistant. (rF++)
You are vulnerable to cold. (rC-)
You float through the air rather than walking.
You learn spells naturally, not from books.
Your magical power is your life essence.
You have superior vitality. (+4 MHP)


Message History

Flames lash the bullfrog zombie.
The bullfrog zombie is burned terribly!
The bullfrog zombie is almost destroyed.
The bullfrog zombie barely misses you.
Flames lash the bullfrog zombie.
The bullfrog zombie is moderately damaged.
The bullfrog zombie's fire resistance burns away.
The ufetubus closely misses you. x2
The bullfrog zombie completely misses you.
The bullfrog zombie hits you.
The ufetubus hits you but does no damage.
The ufetubus misses you. The bullfrog zombie hits you.
As you read the scroll labelled HAEDWA YNUITEE, it crumbles to dust.
It is a scroll of brand weapon.
You aren't carrying any weapons that can be branded.
The bullfrog zombie hits you.
The ufetubus hits you but does no damage.
The ufetubus hits you.
The bullfrog zombie hits you but does no damage.
The bullfrog zombie misses you.
As you read the scroll labelled OMMIPR LAS KUC, it crumbles to dust.
It is a scroll of enchant weapon.
You aren't carrying any weapons that can be enchanted.
The ufetubus closely misses you. The ufetubus hits you.
* * * LOW HITPOINT WARNING * * *
The ufetubus closely misses you. x2; The bullfrog zombie hits you.
* * * LOW HITPOINT WARNING * * *
You aren't carrying any weapons that can be enchanted.
Unknown command.
As you read the scroll labelled XOIC RUSTRAUMUI, it crumbles to dust.
You feel aware of your surroundings.
You sensed 1 altar.
It was a scroll of magic mapping.
The ufetubus misses you. The ufetubus barely misses you.
The bullfrog zombie hits you.
* * * LOW HITPOINT WARNING * * *
As you read the scroll labelled MOASI ASIFF, it crumbles to dust.
Magic quickly surges around you.
It was a scroll of vulnerability.
The ufetubus misses you. The ufetubus hits you.
* * * LOW HITPOINT WARNING * * *
The bullfrog zombie closely misses you.
Edmund hits you with a +1 dire flail of protection!
You die...

**,,,**,**,**,,,,,,,*,,,,,,,,,,,,
,,,,,**,*****,,.....#**,*********
*,,,,,,.......,.....# *,*,,,,,,,*
*,,,,,..............##*,**,****,*
*,,,,,........##......,,,,,*+**,*
*,,,,.........##....,,,,,,,,,,,,,
,,,,*.........##...,,,,,,,,,,,,,,
,,***.......8.8#8##****,,,,,,,,,,
,,* *...........@.## *,,,,,,,,,,
,,***.....8.>.Z@5Z8####,,,,,,,,,,
,,,,*..........(Z.......,,,,,,,,,
,,,,*.......8.8.8.......*,,,,,,,,
,,,,*..$................*,,,,,,,,
,,,,*####......####...#.,,,,,,,,,
,,,,* #.!....# *...#,,,,,,,,,,
,,,,* #......# *...#,,,,,,,,,,
,,,,****#......#***,..#,,,,,,****


You could see Edmund (weak-willed), an ufetubus (weak-willed), 2 bullfrog
zombies and a centaur zombie (weak-willed).

Vanquished Creatures
  Blork the orc (D:4)
  A scorpion (D:4)
  2 orc priests (D:4)
  Natasha (thrice) (D:3)
  An orc wizard (D:4)
  A hound skeleton (D:4)
  Robin (D:2)
  13 gnolls
  7 adders
  An ufetubus (D:4)
  An adder skeleton (D:4)
  2 worms (D:2)
  4 dart slugs
  3 orcs
  7 endoplasms
  A giant cockroach (D:4)
  19 goblins
  6 hobgoblins
  8 jackals
  6 quokkas
  5 ball pythons
  9 bats
  7 frilled lizards
  14 kobolds
  4 rats
127 creatures vanquished.

Vanquished Creatures (others)
  134 foxfires
  26 plants (D:2)
160 creatures vanquished.

Grand Total: 287 creatures vanquished

Notes
Turn   | Place    | Note
-------+----------+-------------------------------------------
     0 | D:1      | smarlow the Djinni Fire Elementalist began the quest for
                  | the Orb.
     0 | D:1      | Reached XP level 1. HP: 15/15 MP: 0/0
   185 | D:1      | Found a faded altar of an unknown god.
   200 | D:1      | Reached XP level 2. HP: 17/22 MP: 0/0
   644 | D:1      | Reached XP level 3. HP: 16/26 MP: 0/0
   644 | D:1      | Learned a level 1 spell: Sting
   865 | D:1      | Reached skill level 1 in Fighting
  1369 | D:2      | Reached XP level 4. HP: 24/32 MP: 0/0
  1810 | D:2      | Reached XP level 5. HP: 28/38 MP: 0/0
  1810 | D:2      | Learned a level 2 spell: Searing Ray
  1962 | D:2      | Identified the +0 helmet of Cynicism {Int+4}
  1962 | D:2      | Noticed Robin
  1965 | D:2      | Killed Robin
  2787 | D:2      | Found Ziwairiu's Jewellery Boutique.
  3186 | D:3      | Reached XP level 6. HP: 39/43 MP: 0/0
  3253 | D:3      | Noticed Natasha
  3270 | D:3      | Killed Natasha
  3516 | D:3      | Noticed Natasha
  3521 | D:3      | Killed Natasha
  3628 | D:3      | Found a glowing golden altar of the Shining One.
  3877 | D:3      | Noticed Natasha
  3879 | D:3      | Killed Natasha
  4450 | D:4      | Reached XP level 7. HP: 47/49 MP: 0/0
  4450 | D:4      | Learned a level 2 spell: Passwall
  5135 | D:4      | Noticed Blork the orc
  5140 | D:4      | Killed Blork the orc
  5677 | D:5      | Entered Level 5 of the Dungeon
  5677 | D:5      | Found Fouptapram's Armour Emporium.
  5688 | D:5      | Noticed Edmund
  5703 | D:5      | Mangled by Edmund

Illustrated notes

Levels and vault maps discovered:
D:1:      eino_arrival_tree_alley, layout_basic,
          ebering_ecumenical_altar_abandoned, minmay_tiny_reverse_x
D:2:      layout_basic, serial_shops, nicolae_shop_behind_doors,
          chequers_avenue, nicolae_grassy_gnolls, uniq_robin
D:3:      layout_rooms, lemuel_doored_altar, minmay_cupped, uniq_natasha
D:4:      layout_basic, lemuel_round_altar, patterned_corridor,
          uniq_blork_the_orc
D:5:      cheibrodos_two_vegetables, layout_basic, fiery_altar_vehumet,
          serial_undead, serial_undead_c, serial_undead_b, serial_undead_b,
          serial_undead_f, serial_undead_a, serial_undead_b, serial_shops,
          nicolae_stop_n_shop_2, uniq_edmund, uniq_eustachio, uniq_sigmund

Skill      XL: |  1  2  3  4  5  6  7 |
---------------+----------------------+-----
Fighting       | 1 2 3 |  3.3
Stealth        | 2 3 |  3.4
Spellcasting   | 3 4 |  4.5
Dodging        | 3 4 |  4.2

Action                   |  1- 3 |  4- 6 |  7- 9 || total
-------------------------+-------+-------+-------++-------
Melee: Unarmed           |       |       |     1 ||     1
 Cast: Foxfire           |    55 |    27 |       ||    82
       Scorch            |     4 |    90 |    39 ||   133
  Use: Scroll            |       |       |     4 ||     4
Armor: Robe              |     1 |     3 |     4 ||     8
Dodge: Dodged            |     5 |    32 |    24 ||    61
